 Dungeon Crawl Stone Soup version 0.30-a0-476-g330ca2eb8e (webtiles) character file.

Game seed: 11558796930867648466

250 IdlyInterested the Slasher (level 5, -4/41 HPs)
             Began as a Demonspawn Fighter on Dec 21, 2022.
             Slain by an iguana (11 damage)
             ... on level 4 of the Dungeon.
             The game lasted 00:13:00 (3351 turns).

IdlyInterested the Slasher (Demonspawn Fighter)     Turns: 3351, Time: 00:13:00

Health: -4/41      AC:  7    Str: 17    XL:     5   Next: 88%
Magic:  5/5        EV:  9    Int: 19    God:
Gold:   303        SH:  5    Dex: 14    Spells: 4/4 levels left

rFire   . . .      SeeInvis .    a - +1 long sword
rCold   . . .      Faith    .    c - +0 buckler
rNeg    . . .      Spirit   .    b - +1 scale mail
rPois   .          Reflect  .    (no helmet)
rElec   .          Harm     .    (no cloak)
rCorr   .          Rampage  .    (no gloves)
Will    .....                    (no boots)
Stlth   ..........               (no amulet)
HPRegen 0.26/turn                j - +6 ring of intelligence
MPRegen 0.09/turn                (no ring)

@: no status effects
A: claws 1, ignite blood 1, big brain 2
a: no special abilities


You were on level 4 of the Dungeon.
You visited 1 branch of the dungeon, and saw 4 of its levels.

You collected 303 gold pieces.

Inventory:

Hand Weapons
 a - a +1 long sword (weapon)
 h - a +0 dagger
 q - a +0 rapier
Missiles
 f - 5 poisoned darts
 g - 45 stones (quivered)
Armour
 b - a +1 scale mail (worn)
 c - a +0 buckler (worn)
 i - a +0 leather armour
 r - a +0 ring mail
 s - a +0 chain mail
Jewellery
 j - a +6 ring of intelligence (left claw)
 p - a ring of fire
Wands
 v - a wand of quicksilver (12)
Scrolls
 k - 2 scrolls of brand weapon
 n - a scroll of fog {unknown}
 t - a scroll of identify
Potions
 d - 2 potions of might
 e - a potion of mutation
 l - a potion of haste
 m - a potion of brilliance
 o - 3 potions of curing
Miscellaneous
 u - a phial of floods


   Skills:
 - Level 3.0 Fighting
 + Level 4.5 Long Blades
 - Level 1.0 Throwing
 - Level 3.0 Armour
 - Level 1.1 Dodging
 - Level 1.0 Stealth
 * Level 3.2 Shields
 * Level 0.8 Evocations


You had 4 spell levels left.
You didn't know any spells.
Your spell library contained the following spells:

 Spells                   Type           Power      Damage    Failure   Level
 Sting                    Tmut/Pois      0%         1d3       65%         1
 Poisonous Vapours        Pois/Air       0%         N/A       80%         2
 Olgreb's Toxic Radiance  Pois           0%         N/A       100%        4


Dungeon Overview and Level Annotations

Branches:
Dungeon (4/15)
 Temple: D:4-7

Altars:
Fedhas
Nemelex Xobeh
Vehumet
Yredelemnul


Innate Abilities, Weirdness & Mutations

You have sharp fingernails.
Your demonic aura sometimes causes spilled blood to erupt in flames.
You have an extremely huge brain. (Int +4)


Message History

a +0 flail; a +0 dagger
There is a stone staircase leading down here.
You climb downwards.
There is a stone staircase leading up here.
You climb upwards.
There is a stone staircase leading down here.
You see here the felid skeleton of Natasha.
There is an escape hatch in the floor here.
You slide downwards.
The hatch slams shut behind you.
The iguana hisses angrily.
The kobold shouts!
The iguana bites you! You block the kobold's attack.
You slash the kobold!
You kill the kobold!
The iguana bites you but does no damage.
You closely miss the iguana. The iguana barely misses you.
You barely miss the iguana. The iguana bites you. x2
You hit the iguana.
The iguana is moderately wounded.
The iguana bites you.
You closely miss the iguana.
The iguana is moderately wounded.
You block the iguana's attack.
You closely miss the iguana.
The iguana is moderately wounded.
The iguana barely misses you.
You slash the iguana!
The iguana is almost dead.
The iguana closely misses you.
The iguana bites you but does no damage.
You closely miss the iguana.
The iguana is almost dead.
The iguana bites you.
You hit the iguana but do no damage.
The iguana is almost dead.
The iguana bites you!
* * * LOW HITPOINT WARNING * * *
You closely miss the iguana.
The iguana is almost dead.
The iguana bites you!
You die...

#..... .....
#... ### #..
##.# ###..##
####.....##
..........#
+#.#.)@..#
#..l.......
#..........
....##.......
##..# #..8.8.
#.. #.....
#.. .8... #
.... #.. ..#
#. ... #. ...


You could see an iguana.

Vanquished Creatures
  An iguana (D:4)
  Natasha (thrice) (D:3)
  5 adders
  4 worms
  3 dart slugs
  5 orcs (D:3)
  8 bats
  4 endoplasms
  6 giant cockroaches
  7 goblins
  5 hobgoblins
  3 quokkas
  6 ball pythons
  7 frilled lizards
  16 kobolds
  8 rats
  2 bushes (D:1)
93 creatures vanquished.

Vanquished Creatures (others)
  10 plants (D:1)
10 creatures vanquished.

Grand Total: 103 creatures vanquished

Notes
Turn   | Place    | Note
-------+----------+-------------------------------------------
     0 | D:1      | IdlyInterested the Demonspawn Fighter began the quest for
                  | the Orb.
     0 | D:1      | Reached XP level 1. HP: 18/18 MP: 1/1
   195 | D:1      | Reached skill level 2 in Long Blades
   197 | D:1      | Gained mutation: You have an unusually large brain. (Int
                  | +2) [demonic ancestry]
   197 | D:1      | Reached XP level 2. HP: 18/24 MP: 2/2
   414 | D:1      | Reached skill level 1 in Dodging
   469 | D:1      | Found a faded altar of an unknown god.
   702 | D:1      | Gained mutation: Your demonic aura sometimes causes spilled
                  | blood to erupt in flames. [demonic ancestry]
   702 | D:1      | Reached XP level 3. HP: 29/29 MP: 3/3
  1175 | D:2      | Reached skill level 3 in Long Blades
  1175 | D:2      | Reached skill level 1 in Stealth
  1180 | D:2      | Gained mutation: You have sharp fingernails. [demonic
                  | ancestry]
  1180 | D:2      | Reached XP level 4. HP: 28/35 MP: 4/4
  2278 | D:3      | Found a radiant altar of Vehumet.
  2278 | D:3      | Found a sparkling altar of Nemelex Xobeh.
  2278 | D:3      | Found a blossoming altar of Fedhas.
  2323 | D:3      | Found a basalt altar of Yredelemnul.
  2860 | D:3      | Gained mutation: You have an extremely huge brain. (Int +4)
                  | [demonic ancestry]
  2860 | D:3      | Reached XP level 5. HP: 41/41 MP: 5/5
  2898 | D:3      | Reached skill level 1 in Throwing
  2905 | D:3      | Reached skill level 4 in Long Blades
  2909 | D:3      | Noticed Natasha
  2914 | D:3      | Killed Natasha
  2963 | D:3      | Noticed Natasha
  2965 | D:3      | Killed Natasha
  3148 | D:3      | Noticed Natasha
  3155 | D:3      | Killed Natasha
  3351 | D:4      | Slain by an iguana

Illustrated notes

Levels and vault maps discovered:
D:1:      sevenhm_arrival_forest_fort_small_5, layout_rooms,
          hellmonk_ecumenical_altar_zigzags, kennysheep_doodads,
          lexackson_kobold_supper
D:2:      minmay_chambers_of_twos, layout_loops_ring, serial_forest,
          infiniplex_forest_lined_room_, infiniplex_forest_lined_1,
          infiniplex_forest_clump_double, infiniplex_forest_straight_1,
          minmay_tetromino_i4
D:3:      minmay_diamond_boxcup, layout_loops_ring,
          minmay_overflow_temple_star_hex, minmay_strange_pillars,
          chequers_serial_rivers_micro_e, uniq_natasha
D:4:      layout_cave_pools, mainiacjoe_overflow_surrounded_room,
          serial_column_ruins, column_ruins_hut, column_ruins_hut_ruined,
          column_ruins_corridor_corner, column_ruins_corridor_straight,
          column_ruins_grid_1, column_ruins_grid_1,
          column_ruins_columns_dead_end, column_ruins_grid_1,
          column_ruins_columns_corner, minmay_stone_trees_small, uniq_sigmund,
          uniq_duvessa

Skill      XL: |  1  2  3  4  5 |
---------------+----------------+-----
Armour         | 3 |  3.0
Long Blades    | 2 3 4 |  4.5
Dodging        | 1 |  1.1
Stealth        | 1 |  1.0
Throwing       | 1 |  1.0
Shields        | 3 |  3.2
Fighting       | |  3.0
Evocations     | |  0.8

Action                   |  1- 3 |  4- 6 || total
-------------------------+-------+-------++-------
Melee: Long sword        |   265 |   162 ||   427
Throw: Stone             |       |    11 ||    11
  Use: Scroll            |     5 |     6 ||    11
Armor: Scale mail        |    58 |    73 ||   131
Dodge: Dodged            |    54 |    77 ||   131
Block: Buckler           |    27 |    33 ||    60

Table legend: (Time is in decaauts)
 A = Elapsed time spent in this place.
 B = Non-inter-level travel time spent in this place.
 C = Inter-level travel time spent in this place.
 D = Time resting spent in this place.
 E = Time spent auto-exploring this place.
 F = Levels seen in this place.
 G = Mean time per level.
                   A        B        C        D        E       F      G
               +--------+--------+--------+--------+--------+-----+--------+
         Total |   3486 |   3050 |    436 |    122 |   1792 |   4 |  871.5 |
       Dungeon |   3486 |   3050 |    436 |    122 |   1792 |   4 |  871.5 |
               +--------+--------+--------+--------+--------+-----+--------+

Top non-repeatable levels by time:
     D:3: 1161 daAuts
     D:1: 1149 daAuts
     D:2: 1084 daAuts
     D:4: 90 daAuts
